[Event "Early-Titled-Tuesday-Blitz-April-23-2024"]
[Site "Chess.com"]
[Date "2024.04.23"]
[Round "5"]
[White "marcodobrikov"]
[Black "Larkin-Vladislav"]
[Result "1-0"]
[WhiteElo "2693"]
[BlackElo "2875"]
[TimeControl "180+1"]
[EndTime "8:57:53 PDT"]
[Termination "marcodobrikov won on time"]

1. e4 c5 2. Nc3 a6 3. f4 b5 4. Nf3 Bb7 5. d3 e6 6. g3 d5 7.
Qe2 b4 8. Nd1 c4 9. Bg2 dxe4 10.
dxe4 Qc7 11. O-O Nf6 12. Nf2 Nbd7 13. Be3 Nxe4 14. Nxe4 Bxe4 15. Ng5 Bxg2 16. Qxg2 Rc8 17. f5 Bc5 18. Rae1 e5 19. Kh1 Nf6 20. Bf4 Bd6 21.
Nf3 O-O 22. Bxe5 Bxe5 23. Rxe5 Rfd8 24. Rfe1 h6 25. g4 c3 26. b3 Qc6 27. h4 Rd5 28. g5 Rxe5 29. Rxe5 hxg5 30. hxg5 Nh5 31. Nd4 Qd6 32.
Rd5 Qf4 33. Nf3 Re8 34. Rd1 Ng3+ 35. Kg1 Re2 36. Rd8+ Kh7 37. Qh3+ 1-0

[Event "Early-Titled-Tuesday-Blitz-April-23-2024"]
[Site "Chess.com"]
[Date "2024.04.23"]
[Round "5"]
[White "Djager97"]
[Black "rikchessmx"]
[Result "1-0"]
[WhiteElo "2555"]
[BlackElo "2254"]
[TimeControl "180+1"]
[EndTime "8:57:53 PDT"]
[Termination "Djager97 won by resignation"]

1. e4 e5 2. Nf3 Nc6 3. d4 exd4 4. Nxd4 Nf6 5. Nc3 Bb4 6. Nxc6 bxc6 7. Bd3 d5 8. exd5 cxd5 9. O-O O-O 10. Bg5 c6 11. Qf3 Be7 12. h3 Be6 13. Ne2 Rb8 14.
b3 a5 15. Nd4 Qd7 16. c4 a4 17. Nxe6 fxe6 18. cxd5 cxd5 19. Qd1 axb3 20. axb3 Ne8 21. Be3 Bf6 22. Ra7 Rb7 23. Rxb7 Qxb7 24. Qh5 g6 25.
Qg4 Qf7 26. b4 e5 27. b5 d4 28. Bd2 Bd8 29. Rc1 Nf6 30. Qe2 Qe7 31. Bh6 Re8 32. Qa2+ Kh8 33. Rc6 e4 34. Bg5 exd3 35. Bxf6+ Qxf6 36.
Rxf6 Bxf6 37. Qf7 Re1+ 38. Kh2 Be5+ 39. f4 Bd6 40. Qf6+ Kg8 41. Qxd4 Bb8 42. Qd8+ Kg7 43.
Qxd3 Bxf4+ 44. g3 Be5 45. b6 Kf6 46. b7 Ra1 47. Qd8+ Ke6 48. Qe8+ Kd5 49. Qxe5+ Kxe5 50. b8=Q+ Ke4 51. Qb4+ Kf5 52. Qc5+ Ke6 53. Qc6+ Kf7 54. Qd7+ Kg8 55. Qe8+ Kg7 56. Qe5+ 1-0

[Event "Early-Titled-Tuesday-Blitz-April-23-2024"]
[Site "Chess.com"]
[Date "2024.04.23"]
[Round "5"]
[White "ViktoriyaTarasova"]
[Black "DonJuanEGenaro"]
[Result "1-0"]
[WhiteElo "2365"]
[BlackElo "2023"]
[TimeControl "180+1"]
[EndTime "8:57:53 PDT"]
[Termination "ViktoriyaTarasova won on time"]

1. d4 d5 2. c4 e6 3. Nc3 c5 4.
cxd5 cxd4 5. Qxd4 Nc6 6. Qa4 exd5 7. Nf3 d4 8. Ne4 Bf5 9. Ng3 Bg6 10. Bd2 Nf6 11. h4 Ne4 12. Nxe4 Bxe4 13. Rc1 Qb6 14. Ng5 Bd5 15. b3 f6 16. Nf3 Bd6 17. g3 O-O 18.
Bg2 Rfe8 19. O-O Rxe2 20. Rcd1 Rae8 21. Ne1 Bxg2 22. Nxg2 Qc7 23. Qc4+ Kh8 24. Nf4 Rxd2 25. Rxd2 Bxf4 26. gxf4 Qxf4 27. Rd3 Ne5 28. Qb5 Rd8 29. Rg3 Qxh4 30. Re1 Qh6 31. Qxb7 d3 32. f4 d2 33. Rd1 Ng6 34. Rxd2 Re8 35. Qd7 Rf8 36. f5 Ne5 37. Rh2 Qc1+ 38. Kg2 1-0

[Event "Early-Titled-Tuesday-Blitz-April-23-2024"]
[Site "Chess.com"]
[Date "2024.04.23"]
[Round "5"]
[White "Nikolakis2014"]
[Black "Durarbayli"]
[Result "0-1"]
[WhiteElo "2738"]
[BlackElo "2939"]
[TimeControl "180+1"]
[EndTime "8:57:54 PDT"]
[Termination "Durarbayli won on time"]

1. Nf3 c5 2. c4 Nf6 3. Nc3 e6 4. e3 Nc6 5. d4 d5 6. cxd5 exd5 7. Bb5 cxd4 8. Nxd4 Bd7 9. O-O Bd6 10. e4 dxe4 11. Nxc6 Bxc6 12. Bxc6+ bxc6 13. Qa4 Qc7 14. Nxe4 Bxh2+ 15. Kh1 Be5 16. Nxf6+ Bxf6 17. Re1+ Kf8 18. Bf4 Qb7 19.
Rac1 g5 20. Rxc6 Qxb2 21. Bg3 h5 22. Rc7 Kg7 23. Qc4 Raf8 24. Kg1 Qd4 25. Qc6 h4 26. Bd6 Rd8 27. Bc5 Qd5 28. Qxd5 Rxd5 29. Bxa7 Ra5 30. Re2 Ra8 31. Bc5 Rxa2 32. Rxa2 Rxa2 33. f3 Ra1+ 34. Kf2 Be5 35. Rc6 Ra2+ 36. Kf1 f6 37. Bd6 Bd4 38. Rc7+ Kg6 39. Be7 Rf2+ 40. Ke1 Rxg2 41. Rc4 Be5 42. Rc5 Ra2 43. Kf1 h3 44. Kg1 Bd4+ 0-1

[Event "Early-Titled-Tuesday-Blitz-April-23-2024"]
[Site "Chess.com"]
[Date "2024.04.23"]
[Round "5"]
[White "KhazhatulyAlikhan"]
[Black "GMG"]
[Result "0-1"]
[WhiteElo "2473"]
[BlackElo "2779"]
[TimeControl "180+1"]
[EndTime "8:57:55 PDT"]
[Termination "GMG won on time"]

1. e4 c5 2. Nf3 Nc6 3. d4 cxd4 4.
Nxd4 Nf6 5. Nc3 e5 6. Ndb5 d6 7. Bg5 a6 8. Na3 b5 9. Nd5 Be7 10. Bxf6 Bxf6 11. c3 Bb7 12. Nc2 O-O 13. h4 Ne7 14.
Nxf6+ gxf6 15. Rh3 Kh8 16. Rd3 Bxe4 17. Rxd6 Qb8 18.
Ne3 f5 19. f3 Qa7 20. Qd2 Bc6 21.
O-O-O Rac8 22. Bd3 e4 23. Bc2 b4 24. cxb4 a5 25.
bxa5 Kg8 26. Kb1 Qc5 27. fxe4 Bxe4 28. Bxe4 fxe4 29. a6 f5 30. g3 Rc7 31. h5 Rfc8 32.
a3 Kf7 33. Rf1 Ke8 34. g4 Qe5 35. gxf5 Rb8 36. f6 Nc6 37. Nc4 Qc5 38. f7+ Kf8 0-1

[Event "Early-Titled-Tuesday-Blitz-April-23-2024"]
[Site "Chess.com"]
[Date "2024.04.23"]
[Round "5"]
[White "Naruto75_3"]
[Black "RebelJohnny"]
[Result "1-0"]
[WhiteElo "2394"]
[BlackElo "2579"]
[TimeControl "180+1"]
[EndTime "8:57:55 PDT"]
[Termination "Naruto75_3 won on time"]

1. d4 d5 2. c4 dxc4 3. Nf3 Nf6 4. e3 e6 5. Bxc4 c5 6. O-O a6 7. Bb3 b5 8. Nc3 Bb7 9. Re1 Nbd7 10. e4 cxd4 11.
Nxd4 Bc5 12. Bg5 Qb6 13. Be3 Rd8 14. Nf3 Bxe3 15. Rxe3 Ng4 16. Re2 Nde5 17. Qc1 Nxf3+ 18. gxf3 Ne5 19. Qf4 Nd3 20. Qg5 O-O 21. Re3 h6 22. Qg3 Nxb2 23. Kh1 b4 24. Rg1 g6 25. Ne2 Nd3 26.
h4 Qd6 27. e5 Qe7 28. Bc2 Nc5 29.
Nf4 Kh8 30. Bxg6 Rg8 31. h5 Rg7 32. Nh3 fxg6 33. hxg6 Rdg8 34. Nf4 Nd7 35. Qh2 Rxg6 36. Nxg6+ Rxg6 37. Rxg6 1-0

[Event "Early-Titled-Tuesday-Blitz-April-23-2024"]
[Site "Chess.com"]
[Date "2024.04.23"]
[Round "5"]
[White "HansOnTwitch"]
[Black "Zohid6"]
[Result "1-0"]
[WhiteElo "3239"]
[BlackElo "2952"]
[TimeControl "180+1"]
[EndTime "8:57:56 PDT"]
[Termination "HansOnTwitch won on time"]

1. e4 e5 2. Nf3 Nf6 3. Nxe5 d6 4. Nc4 Nxe4 5. Qe2 Qe7 6. Nc3 Nxc3 7. bxc3 Nd7 8. d4 Nb6 9. Na5 c6 10. Qxe7+ Bxe7 11.
a4 d5 12. Bf4 O-O 13. Bd3 Nd7 14. Kd2 Bd8 15. Nb3 Nf6 16. Rhe1 b6 17. a5 b5 18. a6 Bg4 19. Nc5 Bb6 20. Re7 Rfe8 21. Rb7 Bc8 22. Re1 Rxe1 23. Kxe1 h6 24. Kd2 g5 25. Bc7 Bxc5 26.
dxc5 Nd7 27. Bf5 Nxc5 28. Bxc8 Rxc8 29. Rxa7 Nxa6 30. Bd6 Rd8 31. Be7 Re8 32. Ba3 Nb8 33. Bd6 Rd8 34. Bc7 Rf8 35. Bb6 Re8 36. g4 Kf8 37. Bc5+ Kg7 38. Rb7 Rd8 39. Bb6 Rc8 40. Bc5 Na6 41. Bd4+ Kg6 42. Rb6 Nb8 43. Rb7 Na6 44. Bb6 Ra8 45. Rd7 Nb8 46. Rd6+ Kh7 47. Rd8 Kg6 48. Bd4 c5 49. Bxc5 1-0

[Event "Early-Titled-Tuesday-Blitz-April-23-2024"]
[Site "Chess.com"]
[Date "2024.04.23"]
[Round "5"]
[White "Ginger_GM"]
[Black "MatthewG-p4p"]
[Result "0-1"]
[WhiteElo "2662"]
[BlackElo "2906"]
[TimeControl "180+1"]
[EndTime "8:57:56 PDT"]
[Termination "MatthewG-p4p won on time"]

1. f4 b5 2. e4 Bb7 3. Bxb5 Bxe4 4.
Nf3 Nf6 5. O-O c6 6. Bc4 e6 7. Nc3 Bxf3 8. Qxf3 d5 9. Be2 Nbd7 10. d4 Qb6 11. Kh1 g6 12. Be3 Qxb2 13. Bf2 Bb4 14. Na4 Qxc2 15. Bd1 Qe4 16. Qb3 Bd6 17. Bc2 Qe2 18.
Bg3 Qb5 19. Qe3 O-O 20. Nc3 Qa5 21. f5 Bxg3 22. Qxg3 exf5 23. Bxf5 Nh5 24. Qh3 Nb6 25. g4 Ng7 26. Bc2 Rae8 27. Rf3 Re7 28. Qh6 f5 29. Rh3 Qb4 30. Qxh7+ Kf7 31. Rf1 Qxd4 32. gxf5 Ke8 33. Qxg6+ Kd8 34. Rg3 Ne8 35. Qxc6 Rc7 36. Qb5 Rxc3 37.
Rxc3 Qxc3 38. Ba4 Qc7 39. Rd1 Nd6 40. Qa5 Ndc4 41. Qb4 Qd6 0-1

[Event "Early-Titled-Tuesday-Blitz-April-23-2024"]
[Site "Chess.com"]
[Date "2024.04.23"]
[Round "5"]
[White "patzer-reloaded"]
[Black "mary-sanna"]
[Result "1-0"]
[WhiteElo "2436"]
[BlackElo "2253"]
[TimeControl "180+1"]
[EndTime "8:57:56 PDT"]
[Termination "patzer-reloaded won by resignation"]

1. d4 d5 2. c4 e6 3. Nc3 Nf6 4. Bg5 Be7 5. Nf3 O-O 6. e3 dxc4 7.
Bxc4 c5 8. O-O a6 9. Qe2 Nc6 10.
Rad1 Qc7 11. d5 exd5 12. Nxd5 Nxd5 13. Bxd5 Bg4 14. Bf4 Qb6 15. h3 Bh5 16. g4 Bg6 17. Ne5 Nxe5 18. Bxe5 Bf6 19. Bxf6 Qxf6 20. Rd2 Rab8 21.
Rfd1 Qh4 22. Qf3 b5 23. Kg2 h5 24. Qg3 Qxg3+ 25. Kxg3 hxg4 26. hxg4 Rfc8 27. f4 Kf8 28. f5 Bh7 29. Rh2 Bg8 30. g5 Ke7 31. e4 f6 32.
Kf4 Rd8 33. Rhd2 c4 34. Bxg8 Rxd2 35. Rxd2 Rxg8 36. e5 fxe5+ 37. Kxe5 Rh8 38. f6+ gxf6+ 39. gxf6+ Kf7 40. Rd7+ Kg6 41. Rg7+ Kh6 42. Rg2 Re8+ 43. Kd6 Re3 44. Rf2 b4 45. f7 Rd3+ 46. Kc7 c3 47.
f8=Q+ Kh5 48. Qf5+ 1-0

[Event "Early-Titled-Tuesday-Blitz-April-23-2024"]
[Site "Chess.com"]
[Date "2024.04.23"]
[Round "5"]
[White "Kobalia"]
[Black "TenisMaster"]
[Result "0-1"]
[WhiteElo "2813"]
[BlackElo "2981"]
[TimeControl "180+1"]
[EndTime "8:57:57 PDT"]
[Termination "TenisMaster won on time"]

1. d4 Nf6 2. Nf3 d5 3. Bf4 c5 4. e3 Nc6 5. c3 Bg4 6. Nbd2 e6 7. Qb3 Qc8 8. Ne5 Nxe5 9. Bxe5 c4 10. Qc2 Bf5 11.
Qd1 Nd7 12. Bf4 Be7 13. g4 Bg6 14. h4 h5 15. g5 Qc6 16. Be2 b5 17. a3 a5 18. Bf3 Rb8 19. O-O Bd6 20. Bxd6 Qxd6 21. Re1 Nb6 22. e4 dxe4 23. Nxe4 Qf4 24. Kg2 Qxh4 25.
Qd2 Nd5 26. Nd6+ Kd7 27. Bxd5 exd5 28. f3 f6 29. Qe2 Qxg5+ 30. Kf2 Qh4+ 31. Kg2 Be4 32.
fxe4 Kxd6 33. e5+ Kc6 34. exf6 Qxf6 35. Rf1 Qg6+ 36. Kh2 Rbe8 37. Qf2 Re6 38. Rae1 Rhe8 39. Rxe6+ Qxe6 40. Rg1 g6 41. Rg2 Qd6+ 42. Kg1 Re4 43. Qf7 Re1+ 44. Kf2 Re6 45. Qg8 Qf4+ 0-1

[Event "Early-Titled-Tuesday-Blitz-April-23-2024"]
[Site "Chess.com"]
[Date "2024.04.23"]
[Round "5"]
[White "baki83"]
[Black "LawrenceTrent"]
[Result "1/2-1/2"]
[WhiteElo "2909"]
[BlackElo "2715"]
[TimeControl "180+1"]
[EndTime "8:57:57 PDT"]
[Termination "Game drawn - insufficient material"]

1. e4 e6 2. d4 d5 3. exd5 exd5 4. Nf3 Bd6 5. c4 dxc4 6. Bxc4 Nf6 7. Qe2+ Qe7 8.
Qxe7+ Kxe7 9. O-O Rd8 10. Nc3 h6 11. Re1+ Kf8 12. Ne5 Re8 13. Bf4 Be6 14. Bxe6 Rxe6 15. Nb5 Nd5 16. Bg3 Nc6 17. Nxc6 Rxe1+ 18. Rxe1 Bxg3 19.
hxg3 bxc6 20. Nc3 Rb8 21. Nxd5 cxd5 22. b3 Rb4 23. Rc1 Rxd4 24. Rxc7 Rd1+ 25. Kh2 Rd2 26.
Rxa7 Rxf2 27. Kg1 Rb2 28. Kf1 d4 29. g4 d3 30. Rd7 Rxa2 31. Rxd3 Ke7 32. Rf3 f6 33.
Kg1 Kf7 34. Kh2 Kg6 35. Kg3 Rb2 36. Rc3 Kf7 37. Kf3 Kg6 38. g3 Kg5 39. Rc5+ Kg6 40. Rb5 Kf7 41. Rb7+ Ke6 42. Ke4 g6 43. Rb6+ Ke7 44.
b4 Re2+ 45. Kf3 Rb2 46. Ke3 Rb3+ 47. Kf4 g5+ 48. Kf5 Rxg3 49. Rb7+ Kd6 50. Rb6+ Ke7 51.
Re6+ Kd7 52. Rxf6 Rf3+ 53. Ke5 Rg3 54. Kf5 Rf3+ 55. Kg6 Rf4 56. Rf7+ Kc6 57. Rh7 Rxg4 58. Rxh6 Rxb4 59. Kxg5+ Kc5 60. Rg6 Rd4 61. Rf6 Rd5+ 62. Rf5 Kc4 63. Rxd5 Kxd5 1/2-1/2

[Event "Early-Titled-Tuesday-Blitz-April-23-2024"]
[Site "Chess.com"]
[Date "2024.04.23"]
[Round "5"]
[White "FaustinoOro"]
[Black "CrgKrishna"]
[Result "1-0"]
[WhiteElo "2917"]
[BlackElo "2712"]
[TimeControl "180+1"]
[EndTime "8:57:59 PDT"]
[Termination "FaustinoOro won on time"]

1. d4 f5 2. Nf3 Nf6 3. c4 g6 4. Nc3 Bg7 5. g3 O-O 6. Bg2 d6 7. O-O Nc6 8. d5 Ne5 9. Nxe5 dxe5 10. b3 a6 11. Qc2 Qe8 12. Rd1 h6 13. f4 e4 14. h3 e5 15. dxe6 Bxe6 16. e3 g5 17. Bb2 Qg6 18. Qf2 Rad8 19. Rxd8 Rxd8 20. Rd1 Rxd1+ 21.
Nxd1 Nh5 22. Bxg7 Qxg7 23. Kh2 Qd7 24. Nc3 Qd3 25. Qe1 Nf6 26. Qc1 Qd6 27. Ne2 c5 28.
Kg1 Bf7 29. Kf2 Bh5 30. Nc3 Kf7 31. Bf1 Bf3 32. Be2 gxf4 33. gxf4 Bxe2 34. Nxe2 Qd3 35. Qb2 Qd6 36. Ng3 Kg6 37. Qc3 b6 38. a3 a5 39.
Ne2 Qd3 40. Qb2 Qd1 41. Qe5 Qg1+ 42. Nxg1 1-0

[Event "Early-Titled-Tuesday-Blitz-April-23-2024"]
[Site "Chess.com"]
[Date "2024.04.23"]
[Round "5"]
[White "NigiriSushies"]
[Black "Chernov_Alexander_A"]
[Result "1-0"]
[WhiteElo "2441"]
[BlackElo "2262"]
[TimeControl "180+1"]
[EndTime "8:57:59 PDT"]
[Termination "NigiriSushies won on time"]

1. e4 d6 2. d4 Nf6 3. Nc3 Nbd7 4. Nf3 e5 5. dxe5 dxe5 6. Bg5 Be7 7. Qd2 c6 8. O-O-O O-O 9. Kb1 b5 10. a3 a5 11. Na2 a4 12. Nb4 Qc7 13. Qc3 Bxb4 14.
axb4 Nxe4 15. Qe3 Nxg5 16. Nxg5 Nf6 17. Qc5 h6 18. Nf3 Ne4 19. Qe3 f5 20. Bd3 a3 21.
Bxe4 fxe4 22. Qxe4 axb2 23. Qxe5 Qf7 24. Qxb2 Be6 25.
Rhe1 Ra2 26. Qc3 Rfa8 27. Ne5 Qf6 28. f4 Bd5 29. g3 R2a3 30. Qd4 R8a4 31. Kc1 Bc4 32.
Nxc4 Qg6 33. Qd8+ Kh7 34. Ne5 Ra1+ 35. Kd2 Qf5 36. Qd3 Qxd3+ 37. Nxd3 Rxd1+ 38. Rxd1 Ra2 39. Re1 Kg6 40. Re6+ 1-0

[Event "Early-Titled-Tuesday-Blitz-April-23-2024"]
[Site "Chess.com"]
[Date "2024.04.23"]
[Round "5"]
[White "bubeliang"]
[Black "DanyKopy"]
[Result "1/2-1/2"]
[WhiteElo "2783"]
[BlackElo "2555"]
[TimeControl "180+1"]
[EndTime "8:58:01 PDT"]
[Termination "Game drawn - insufficient material"]

1. e4 c5 2. c3 d5 3. exd5 Qxd5 4. d4 Nc6 5. Nf3 Nf6 6. dxc5 Qxd1+ 7. Kxd1 Bg4 8. h3 Bxf3+ 9. gxf3 e6 10. Be3 Nd5 11.
b4 a5 12. b5 Nxe3+ 13. fxe3 Ne7 14. e4 Ng6 15. c6 bxc6 16. bxc6 Ne5 17. Nd2 Nxc6 18.
Bb5 Rc8 19. Nc4 Ke7 20. Bxc6 Rxc6 21. Nxa5 Rxc3 22. Ke2 Kf6 23. Rhc1 Rxc1 24. Rxc1 Ba3 25. Rc2 Ra8 26. Nc4 g5 27. Kf2 h5 28. Kg2 Bc5 29. Nd2 Ba3 30. Nb3 Rd8 31. Re2 Rd1 32. Nd2 Bc5 33. Nf1 Bd4 34. Rd2 Rxd2+ 35. Nxd2 Ke5 36. a4 Kf4 37. Nb3 Ba7 38. Na5 g4 39. hxg4 hxg4 40.
fxg4 Kxe4 41. Nc6 Bc5 42. Nd8 Kf4 43. Nxf7 Kxg4 44. a5 Kf5 45. Kf3 e5 46. a6 e4+ 47.
Ke2 Ke6 48. Nd8+ Kd5 49. Nb7 Ba7 50. Na5 Kc5 51. Nb3+ Kb5 52. Nd2 e3 53. Nf1 Kxa6 54. Nxe3 1/2-1/2

[Event "Early-Titled-Tuesday-Blitz-April-23-2024"]
[Site "Chess.com"]
[Date "2024.04.23"]
[Round "5"]
[White "biveklama"]
[Black "Kirill_Klukin"]
[Result "0-1"]
[WhiteElo "2606"]
[BlackElo "2832"]
[TimeControl "180+1"]
[EndTime "8:58:01 PDT"]
[Termination "Kirill_Klukin won by resignation"]

1. e4 c5 2. Nf3 Nc6 3. Bb5 g6 4. Bxc6 bxc6 5. O-O Bg7 6. Re1 Nh6 7. h3 O-O 8. c3 f6 9. d4 cxd4 10. cxd4 Nf7 11.
Nc3 d6 12. b3 f5 13. e5 dxe5 14. dxe5 Qxd1 15. Nxd1 c5 16. Bb2 Bb7 17. e6 Nd6 18. Bxg7 Kxg7 19. Ne5 Rfd8 20. Nb2 Bd5 21. Rac1 Rac8 22.
Nec4 Ne4 23. f3 Nf6 24. Re5 Bxc4 25. Nxc4 Nd5 26. Rd1 Nf4 27. Rxd8 Rxd8 28. Rxc5 Nxe6 29. Ra5 Rd7 30. Kf2 Nd4 31. h4 Kf6 32. Ra6+ e6 33. f4 h6 34. Rd6 Rxd6 35. Nxd6 e5 36. fxe5+ Kxe5 37. Nf7+ Kf6 38. Nd6 Ke6 39. Nc8 Nc6 40.
Kg3 Kd7 41. Nxa7 Nxa7 42. Kf4 Ke6 43. g4 fxg4 44. Kxg4 Nc6 45. Kf4 Nb4 46. a3 Nc2 47.
a4 Kf6 48. a5 Nb4 49. Ke4 g5 50. hxg5+ hxg5 51. Kd4 g4 52. Kc5 g3 53. Kxb4 g2 54.
Kb5 g1=Q 55. b4 Qa7 0-1

[Event "Early-Titled-Tuesday-Blitz-April-23-2024"]
[Site "Chess.com"]
[Date "2024.04.23"]
[Round "5"]
[White "campochess"]
[Black "levallem"]
[Result "0-1"]
[WhiteElo "2143"]
[BlackElo "2315"]
[TimeControl "180+1"]
[EndTime "8:58:02 PDT"]
[Termination "levallem won on time"]

1. Nf3 d5 2. b3 Nf6 3. Bb2 Bf5 4. d3 e6 5. g3 Nbd7 6. Bg2 Be7 7. O-O O-O 8. Nbd2 c6 9. c4 h6 10. Rc1 Re8 11. Re1 Bh7 12. Nf1 Bb4 13. Bc3 Bxc3 14. Rxc3 Qa5 15. Qd2 Rac8 16. Rc2 Qa3 17. Qc1 Qa5 18.
Qd2 Qa6 19. a4 b6 20. Nd4 e5 21. Nf3 e4 22. dxe4 Nxe4 23. Qc1 dxc4 24. Rxc4 c5 25. Ne3 Ndf6 26. Nd2 Nd6 27. Rf4 Re7 28. Ndc4 Nde4 29. Nf5 Re6 30. f3 Ng5 31. Nfd6 Rd8 32. Nb5 Nd5 33. Rh4 Qb7 34. e4 Nc7 35. Nxc7 Qxc7 36.
Qf4 Qd7 37. Bh3 Nxh3+ 38. Rxh3 Qd4+ 39. Qe3 Qxe3+ 40. Rxe3 Rd1+ 41. Kf2 f5 42. exf5 Bxf5 43. g4 Rxe3 44. Kxe3 Be6 45. Rh5 Re1+ 46. Kd2 Rb1 47. Re5 Bxc4 48. bxc4 Rb2+ 49. Ke3 Rxh2 50. Re7 Rc2 0-1

[Event "Early-Titled-Tuesday-Blitz-April-23-2024"]
[Site "Chess.com"]
[Date "2024.04.23"]
[Round "5"]
[White "platy3"]
[Black "DenLaz"]
[Result "1/2-1/2"]
[WhiteElo "2890"]
[BlackElo "3108"]
[TimeControl "180+1"]
[EndTime "8:58:03 PDT"]
[Termination "Game drawn - insufficient material"]

1. e4 c5 2. Nf3 e6 3. d4 cxd4 4. Nxd4 Nc6 5. Nc3 Qc7 6. Be3 a6 7.
Qf3 Ne5 8. Qg3 h5 9. f4 Ng4 10. O-O-O g5 11. e5 Nxe3 12. Qxe3 gxf4 13. Qe1 Bg7 14.
Nf3 Ne7 15. Ne4 Nf5 16. Nd6+ Nxd6 17. Rxd6 b5 18. Bd3 Bb7 19. Be4 Rc8 20. Qe2 Bxe4 21. Qxe4 Bxe5 22. Rd2 Bg7 23. Rhd1 Rd8 24. Rd6 Qc5 25. Kb1 O-O 26. Qxf4 Rc8 27. c3 b4 28.
Qxb4 Qxb4 29. cxb4 Rb8 30. a3 a5 31. Rxd7 axb4 32.
a4 b3 33. R1d3 Ra8 34. Rxb3 Rxa4 35. Rbb7 Re4 36. Rxf7 Rxf7 37. Rxf7 Rb4 38. Re7 Rxb2+ 39. Kc1 Rxg2 40. Rxe6 Rf2 41. Ng5 Rxh2 42. Re8+ Bf8 43.
Ne6 Kf7 44. Rxf8+ Kxe6 45. Kd1 h4 46. Ke1 h3 47. Kf1 Ra2 48. Kg1 h2+ 49. Kh1 Ke5 50. Rh8 Kf4 51. Rxh2 Rxh2+ 52. Kxh2 1/2-1/2

[Event "Early-Titled-Tuesday-Blitz-April-23-2024"]
[Site "Chess.com"]
[Date "2024.04.23"]
[Round "5"]
[White "vladislavkovalev"]
[Black "Meri-Arabidze"]
[Result "1-0"]
[WhiteElo "2859"]
[BlackElo "2662"]
[TimeControl "180+1"]
[EndTime "8:58:03 PDT"]
[Termination "vladislavkovalev won on time"]

1. e4 c5 2. Nf3 e6 3. c3 Nf6 4.
e5 Nd5 5. d4 cxd4 6. cxd4 b6 7. Nc3 Bb7 8. Bd3 Be7 9. O-O O-O 10.
Ne4 d6 11. a3 dxe5 12. dxe5 Nd7 13. Qe2 Rc8 14. Bd2 Nc5 15. Nxc5 Rxc5 16. Qe4 g6 17. Bh6 Re8 18. Rad1 Qa8 19. Qg4 Nc7 20. Nh4 Bf8 21. Bxf8 Kxf8 22. f4 Be4 23. Nf3 Bxf3 24. Rxf3 Rd8 25.
Qh4 h5 26. Rdf1 Rcd5 27. Be4 Qc8 28. Bxd5 Nxd5 29. Qf2 Kg8 30. h3 Qc4 31. Kh2 Rc8 32. Qg3 Qe4 33. f5 exf5 34. Rxf5 h4 35. Qg5 Ne3 36. Rxf7 Nxf1+ 37. Rxf1 Rf8 38. Rf6 Rxf6 39.
Qxf6 Kh7 40. e6 g5 41. e7 g4 42. Qxh4+ Kg6 43. Qxg4+ Qxg4 44. e8=Q+ 1-0

[Event "Early-Titled-Tuesday-Blitz-April-23-2024"]
[Site "Chess.com"]
[Date "2024.04.23"]
[Round "5"]
[White "BurningggIce"]
[Black "TangerineandLemon25"]
[Result "0-1"]
[WhiteElo "2447"]
[BlackElo "2620"]
[TimeControl "180+1"]
[EndTime "8:58:04 PDT"]
[Termination "TangerineandLemon25 won by resignation"]

1. d4 d5 2. c4 e6 3. Nc3 a6 4. Nf3 dxc4 5. a4 Nc6 6. e3 Na5 7. Ne5 Nf6 8. Nxc4 c5 9. Nxa5 Qxa5 10. Bd2 Qc7 11. Rc1 Bd7 12. dxc5 Bxc5 13. b4 Bxb4 14.
Nb5 Bxd2+ 15. Qxd2 Qxc1+ 16. Qxc1 axb5 17. axb5 O-O 18. Be2 Rfc8 19. Qb1 Nd5 20. O-O Nc3 21. Qb2 Ra2 22.
Qb4 Nxe2+ 23. Kh1 Rac2 24. h3 Nc3 25. b6 Nd5 26. Qd4 R2c4 27. Qb2 Rc2 28. Qd4 Bc6 29. Ra1 Rxf2 30. e4 Rf4 31. Qe5 Rf2 32. exd5 Bxd5 33. Rg1 h6 34. Rd1 Bxg2+ 35. Kg1 Rfc2 36. Rd7 Bc6 37.
Rc7 Ra8 38. Qd4 e5 39. Qxe5 Rd8 40. Qh5 g6 41. Qg4 Re8 42. Qh4 Ra8 43. Re7 g5 44.
Qe1 Rg2+ 45. Kf1 Rh2 46. Qc3 Rd8 47. Qf3 Bxf3 0-1

[Event "Early-Titled-Tuesday-Blitz-April-23-2024"]
[Site "Chess.com"]
[Date "2024.04.23"]
[Round "5"]
[White "RasSanti"]
[Black "Manukyan_Artak"]
[Result "1-0"]
[WhiteElo "2340"]
[BlackElo "2454"]
[TimeControl "180+1"]
[EndTime "8:58:04 PDT"]
[Termination "RasSanti won by resignation"]

1. d4 d5 2. c4 dxc4 3. Nc3 a6 4. a4 c5 5. e3 cxd4 6. exd4 Nf6 7. Bxc4 e6 8. Nf3 Nc6 9. O-O Be7 10. d5 exd5 11.
Nxd5 O-O 12. Nxe7+ Qxe7 13. Re1 Qc5 14. Qe2 Bg4 15.
Be3 Qh5 16. h3 Bxf3 17. Qxf3 Qxf3 18. gxf3 Ne5 19. Be2 Nd5 20. Red1 Rad8 21. Rac1 h6 22. Bd4 Nf4 23. Kf1 Nxe2 24. Kxe2 Rfe8 25. Be3 Nc6 26. Rc4 Rxd1 27. Kxd1 f6 28. b4 Re5 29.
Ke2 Kf7 30. Kd3 Rh5 31. Ke2 Rxh3 32. b5 axb5 33. axb5 Ne5 34. Rc7+ Ke6 35. f4 Ng4 36. Rxg7 Nxe3 37. fxe3 Rh2+ 38. Kd3 h5 39. Rxb7 Rb2 40. Kc3 Rb1 41. Kc4 Kf5 42. Rh7 Kg4 43. Kc5 h4 44. b6 h3 45. Kc6 f5 46. b7 Kg3 47. Kc7 h2 48. b8=Q Rxb8 49. Kxb8 Kg2 50. Kc7 h1=Q 51.
Rxh1 Kxh1 52. Kd6 Kg2 53. Ke5 Kf3 54. Kxf5 Kxe3 55. Ke5 1-0

[Event "Early-Titled-Tuesday-Blitz-April-23-2024"]
[Site "Chess.com"]
[Date "2024.04.23"]
[Round "5"]
[White "Firouzja2003"]
[Black "klimkoj"]
[Result "1/2-1/2"]
[WhiteElo "3062"]
[BlackElo "2922"]
[TimeControl "180+1"]
[EndTime "8:58:05 PDT"]
[Termination "Game drawn - insufficient material"]

1. e4 c5 2. Nf3 d6 3. d4 cxd4 4. Nxd4 Nf6 5. Nc3 a6 6. Bg5 Nbd7 7. Qd2 e6 8. f3 Qc7 9. O-O-O b5 10. a3 Bb7 11.
Kb1 Be7 12. h4 Rc8 13. g4 h6 14. Be3 d5 15. exd5 Nxd5 16. Nxd5 Bxd5 17. Be2 Ne5 18.
Bf4 Nc4 19. Bxc4 Qxc4 20. b3 Qc3 21. Rhe1 Qxd2 22. Rxd2 Bxh4 23. Re3 O-O 24. Nf5 exf5 25. Rxd5 fxg4 26. fxg4 Rfe8 27. Kc1 Rxe3 28. Bxe3 Be7 29. a4 bxa4 30. bxa4 Rc4 31. Ra5 Rc6 32. Bd2 Bc5 33. Kb2 f6 34. Kb3 Kf7 35. c4 Ke6 36. Bb4 Bxb4 37.
Kxb4 g6 38. Kc3 f5 39. gxf5+ gxf5 40. Kd4 Rd6+ 41. Ke3 Rc6 42. Kd4 Rd6+ 43. Ke3 Kf6 44. Rc5 Re6+ 45. Kf3 h5 46. Rc8 Ke5 47. Rc5+ Kd4 48.
Rxf5 Kxc4 49. Rxh5 Kb4 50. a5 Rc6 51. Ke3 Rc5 52.
Rxc5 Kxc5 53. Kd3 Kb5 54. Kc2 Kxa5 55. Kb2 Kb6 56. Ka2 a5 57. Kb2 a4 58. Ka2 a3 59.
Kxa3 1/2-1/2

[Event "Early-Titled-Tuesday-Blitz-April-23-2024"]
[Site "Chess.com"]
[Date "2024.04.23"]
[Round "5"]
[White "Anton_Demchenko"]
[Black "Thunderbolt135"]
[Result "1-0"]
[WhiteElo "2981"]
[BlackElo "2674"]
[TimeControl "180+1"]
[EndTime "8:58:05 PDT"]
[Termination "Anton_Demchenko won by checkmate"]

1. e4 c5 2. Nf3 d6 3. d4 cxd4 4.
Qxd4 a6 5. Be2 Nc6 6. Qe3 Nf6 7.
O-O Bg4 8. Qb3 Bxf3 9. Bxf3 Qc8 10. Be3 g6 11. Nc3 Bg7 12. e5 dxe5 13. Na4 Rb8 14. Nb6 Qc7 15. Nd5 Nxd5 16. Bxd5 O-O 17. Bb6 Qd6 18. c3 e6 19. Bf3 f5 20. Rad1 Qe7 21. Qc4 Rfc8 22. Qa4 e4 23. Be2 Ne5 24. Be3 h5 25. h3 Nc6 26. Rd2 Kh7 27. Rfd1 Rd8 28.
Bb6 Rxd2 29. Rxd2 Be5 30. Qc4 Re8 31. Bc5 Qg5 32. Rd1 Qf4 33. g3 Qg5 34. Rd7+ Kh6 35. h4 Qf6 36. Rxb7 f4 37. Qxe4 Ne7 38. Bd3 Nf5 39. gxf4 Bb8 40. Be3 Qxh4 41. Qg2 Bd6 42. Qg5+ Qxg5+ 43. fxg5# 1-0

[Event "Early-Titled-Tuesday-Blitz-April-23-2024"]
[Site "Chess.com"]
[Date "2024.04.23"]
[Round "5"]
[White "Naruna_Chan"]
[Black "DumbKing75"]
[Result "0-1"]
[WhiteElo "2387"]
[BlackElo "2647"]
[TimeControl "180+1"]
[EndTime "8:58:06 PDT"]
[Termination "DumbKing75 won on time"]

1. e4 c5 2. c3 d5 3. exd5 Qxd5 4. d4 g6 5. Nf3 Bg7 6. Na3 cxd4 7. Bc4 Qe4+ 8. Be3 Nh6 9. cxd4 O-O 10. O-O Bg4 11.
Be2 Nf5 12. Ng5 Bxe2 13. Nxe4 Bxd1 14. Rfxd1 Nc6 15. d5 Nxe3 16. fxe3 Ne5 17. h3 Bh6 18. Kf2 Rac8 19. Rd2 f5 20. Nc3 f4 21. e4 f3 22.
Rdd1 fxg2+ 23. Kxg2 a6 24. Nc2 Nc4 25. Rab1 Nxb2 26.
Rxb2 Rxc3 27. Nd4 b5 28. Nc6 Bg5 29. Nb4 Bh4 30. Nxa6 Rg3+ 31. Kh2 Rff3 32. Rxb5 Rf2+ 33. Kh1 Rxh3+ 34. Kg1 Rhh2 35. Rb8+ Kg7 36. Rb3 Rfg2+ 37. Kf1 Bf2 38. Rf3 Rg1+ 39. Ke2 Bb6+ 40. Kd3 Rxd1+ 41. Kc4 Rc2+ 42. Kb5 Rb2+ 43. Ka4 Rxa2+ 44. Kb5 Rb2+ 0-1